 Dungeon Crawl Stone Soup version 0.26-a0-37-g50178cf (webtiles) character file.

Game seed: 15107192022047000043, levelgen mode: deterministic

8502 thirtiethelement the Destroyer (level 11, -11/81 HPs)
             Began as a Gnoll Conjurer on May 30, 2020.
             Was a Believer of Vehumet.
             Mangled by a cyclops (20 damage)
             ... on level 10 of the Dungeon.
             The game lasted 00:29:31 (11736 turns).

thirtiethelement the Destroyer (Gnoll Conjurer)    Turns: 11736, Time: 00:29:32

Health: -11/81     AC: 14    Str: 11    XL:     11   Next: 31%
Magic:  7/23       EV: 16    Int: 21    God:    Vehumet [**....]
Gold:   603        SH:  0    Dex: 15    Spells: 6/26 levels left

rFire    . . .     SeeInvis .   q - +4 battleaxe
rCold    . . .     Gourm    .   (shield currently unavailable)
rNeg     . . .     Faith    .   r - +3 leather armour
rPois    .         Spirit   .   (no helmet)
rElec    .         Reflect  .   m - +2 cloak
rCorr    .         Harm     .   (no gloves)
MR       +....                  (no boots)
Stlth    +++.......             (no amulet)
HPRegen  0.23/turn              i - ring of protection from magic
MPRegen  0.18/turn              s - +4 ring of protection

@: no status effects
A: distributed training, fangs 1, strong nose
a: Renounce Religion


You were on level 10 of the Dungeon.
You worshipped Vehumet.
Vehumet was pleased with you.
You were not hungry.

You visited 2 branches of the dungeon, and saw 11 of its levels.

You collected 603 gold pieces.

Inventory:

Hand Weapons
 q - a +4 battleaxe (weapon)
Missiles
 d - 14 boomerangs (quivered)
Armour
 g - a +0 leather armour of fire resistance
 m - a +2 cloak (worn)
 r - a +3 leather armour (worn)
Magical Staves
 u - an uncursed staff of fire
 G - an uncursed staff of summoning
Jewellery
 i - a ring of protection from magic (left hand)
 s - a +4 ring of protection (right hand)
 x - an uncursed ring of flight
 E - an uncursed ring of protection from magic
 F - a cursed -4 ring of protection
Wands
 n - a wand of acid (3)
 w - a wand of enslavement (2)
 A - a wand of disintegration (9)
 B - a wand of iceblast (9)
Scrolls
 f - 2 scrolls of remove curse
 t - 2 scrolls of teleportation
 v - 3 scrolls of identify
Potions
 a - 2 potions of heal wounds {unknown}
 b - 4 potions of curing
 e - a potion of resistance {unknown}
 h - a potion of haste {unknown}
 j - 3 potions of brilliance
 k - 2 potions of mutation {unknown}
 l - 2 potions of berserk rage
 o - 3 potions of stabbing {unknown}
 p - 2 potions of degeneration {unknown}
 z - 2 potions of might {unknown}
 D - a potion of ambrosia {unknown}
Comestibles
 c - 14 rations


   Skills:
 + Level 6.1 Fighting
 + Level 6.1 Short Blades
 + Level 6.1 Long Blades
 + Level 6.1 Axes
 + Level 6.1 Maces & Flails
 + Level 6.1 Polearms
 + Level 6.1 Staves
 + Level 6.1 Slings
 + Level 6.1 Bows
 + Level 6.1 Crossbows
 + Level 6.1 Throwing
 + Level 6.1 Armour
 + Level 7.7 Dodging
 + Level 7.4 Stealth
 + Level 6.1 Shields
 + Level 6.1 Unarmed Combat
 + Level 8.0 Spellcasting
 + Level 8.8 Conjurations
 + Level 5.0 Hexes
 + Level 5.0 Charms
 + Level 5.0 Summonings
 + Level 5.0 Necromancy
 + Level 5.0 Translocations
 + Level 5.0 Transmutations
 + Level 5.0 Fire Magic
 + Level 5.0 Ice Magic
 + Level 5.0 Air Magic
 + Level 5.0 Earth Magic
 + Level 5.0 Poison Magic
 + Level 6.6 Invocations
 + Level 6.1 Evocations


You had 6 spell levels left.
You knew the following spells:

 Your Spells              Type           Power        Failure   Level  Hunger
a - Magic Dart            Conj           ####         1%          1    None
b - Searing Ray           Conj           #####.       1%          2    None
c - Fulminant Prism       Conj/Hex       #####.....   6%          4    ###....
d - Corona                Hex            ####...      1%          1    None
e - Gell's Gravitas       Tloc           ####......   3%          3    None
f - Petrify               Tmut/Erth      ####....     13%         4    ###....
g - Yara's Violent Unrav  Hex/Tmut       ####......   34%         5    #####..

Your spell library contained the following spells:

 Spells                   Type           Power        Failure   Level  Hunger
 Conjure Flame            Conj/Fire      #####...     1%          3    None
 Animate Skeleton         Necr           N/A          1%          1    None
 Apportation              Tloc           ####..       1%          1    None
 Summon Small Mammal      Summ           ####         1%          1    None
 Dazzling Flash           Conj/Hex       #####.       1%          3    None
 Confusing Touch          Hex            ####....     3%          3    None
 Iskenderun's Mystic Bla  Conj/Tloc      #####...     6%          4    ###....
 Metabolic Englaciation   Hex/Ice        ####......   34%         5    #####..


Dungeon Overview and Level Annotations

Branches:
Dungeon (10/15)            Temple (1/1) D:6             Orc (0/2) D:9
   Lair: D:8-11

Altars:
Ashenzari
Cheibriados
Dithmenos
Elyvilon
Fedhas
Gozag
Hepliaklqana
Kikubaaqudgha
Makhleb
Nemelex Xobeh
Okawaru
Qazlal
Ru
Sif Muna
Trog
Uskayaw
Vehumet
Wu Jian
Xom
Zin
The Shining One


Innate Abilities, Weirdness & Mutations

Your experience applies equally to all skills.
You have very sharp teeth.
Your uncanny sense of smell can sniff out nearby items.


Message History

Your Necromancy skill increases to level 5!
Your Translocations skill increases to level 5!
Your Transmutations skill increases to level 5!
Your Fire Magic skill increases to level 5!
Your Ice Magic skill increases to level 5!
Your Air Magic skill increases to level 5!
Your Earth Magic skill increases to level 5!
Your Poison Magic skill increases to level 5!
The wyvern zombie closely misses you.
The searing ray hits the wyvern zombie!
You destroy the wyvern zombie!
Vehumet accepts your kill.
Your Spellcasting skill increases to level 8!
The searing ray hits the cyclops.
The cyclops is severely wounded.
You finish channeling your searing ray.
The cyclops misses you.
You hit the cyclops.
The cyclops is severely wounded.
The cyclops hits you!!
You die...

#.......†#
##.#.(.((##
#......†.<#
..#......(# .
#.$....)#
##....(##
##)..## ∆
...###C#####...
#.....@......#
#####.......##
#########


You could see a cyclops.

Vanquished Creatures
  2 two-headed ogres
  Pikel (D:6)
  An ugly thing (D:8)
  Grinder (D:6)
  2 hippogriffs
  A spriggan (D:9)
  Sigmund (D:5)
  5 yaks (D:9)
  A hungry ghost (D:9)
  Duvessa (D:7)
  5 orc warriors
  2 ice beasts (D:7)
  A black bear (D:7)
  An ogre (D:7)
  3 phantoms
  4 centaurs
  A big kobold (D:10)
  6 bullfrogs
  A wyvern zombie (D:10)
  Dowan (D:7)
  2 water moccasin skeletons (D:6)
  A scorpion (D:7)
  16 killer bees
  5 wights (D:6)
  2 crimson imps
  4 centaur skeletons
  5 hounds
  5 jellies
  3 orc priests
  A centaur zombie (D:9)
  10 orc wizards
  Crazy Yiuf (D:3)
  Jessica (D:3)
  4 iguanas
  5 worker ants
  A killer bee zombie (D:5)
  A hound zombie (D:7)
  Robin (D:3)
  A howler monkey zombie (D:7)
  A worker ant zombie (D:6)
  6 gnolls
  13 adders
  A shadow imp (D:6)
  An adder zombie (D:8)
  4 worms
  7 leopard geckos
  32 orcs
  4 ball pythons
  13 bats
  A bat zombie (D:3)
  4 giant cockroaches
  15 goblins
  8 hobgoblins
  7 jackals
  8 quokkas
  2 frilled lizards
  9 kobolds
  9 rats
  2 rat zombies (D:3)
257 creatures vanquished.

Vanquished Creatures (others)
  A jelly (D:6)
  An orc wizard (D:8)
  10 fulminant prisms
  3 plants (D:8)
15 creatures vanquished.

Grand Total: 272 creatures vanquished

Notes
Turn   | Place    | Note
-------+----------+-------------------------------------------
     0 | D:1      | thirtiethelement the Gnoll Conjurer began the quest for the
                  | Orb.
     0 | D:1      | Reached XP level 1. HP: 13/13 MP: 6/6
    73 | D:1      | Reached XP level 2. HP: 19/19 MP: 2/7
   936 | D:1      | Reached XP level 3. HP: 25/25 MP: 6/9
   941 | D:1      | Reached skill level 5 in Spellcasting
   946 | D:1      | Learned a level 2 spell: Searing Ray
  1144 | D:2      | Reached skill level 1 in Invocations
  1427 | D:2      | Found a shattered altar of Ashenzari.
  1479 | D:2      | Reached skill level 1 in Fighting
  1479 | D:2      | Reached skill level 1 in Short Blades
  1479 | D:2      | Reached skill level 1 in Long Blades
  1479 | D:2      | Reached skill level 1 in Axes
  1479 | D:2      | Reached skill level 1 in Maces & Flails
  1479 | D:2      | Reached skill level 1 in Polearms
  1479 | D:2      | Reached skill level 1 in Staves
  1479 | D:2      | Reached skill level 1 in Slings
  1479 | D:2      | Reached skill level 1 in Bows
  1479 | D:2      | Reached skill level 1 in Crossbows
  1479 | D:2      | Reached skill level 1 in Throwing
  1479 | D:2      | Reached skill level 1 in Armour
  1479 | D:2      | Reached skill level 1 in Shields
  1479 | D:2      | Reached skill level 1 in Unarmed Combat
  1479 | D:2      | Reached skill level 1 in Evocations
  1479 | D:2      | Reached XP level 4. HP: 32/32 MP: 7/11
  1487 | D:2      | Learned a level 4 spell: Fulminant Prism
  2199 | D:3      | Reached skill level 1 in Hexes
  2199 | D:3      | Reached skill level 1 in Charms
  2199 | D:3      | Reached skill level 1 in Summonings
  2199 | D:3      | Reached skill level 1 in Necromancy
  2199 | D:3      | Reached skill level 1 in Translocations
  2199 | D:3      | Reached skill level 1 in Transmutations
  2199 | D:3      | Reached skill level 1 in Fire Magic
  2199 | D:3      | Reached skill level 1 in Ice Magic
  2199 | D:3      | Reached skill level 1 in Air Magic
  2199 | D:3      | Reached skill level 1 in Earth Magic
  2199 | D:3      | Reached skill level 1 in Poison Magic
  2272 | D:3      | Found a sacrificial altar of Ru.
  2277 | D:3      | Found an opulent altar of Gozag.
  2336 | D:3      | Noticed Robin
  2341 | D:3      | Killed Robin
  2341 | D:3      | Reached XP level 5. HP: 37/37 MP: 6/12
  2512 | D:3      | Noticed Jessica
  2514 | D:3      | Killed Jessica
  2740 | D:3      | Found a white marble altar of Elyvilon.
  2933 | D:3      | Found an ancient bone altar of Kikubaaqudgha.
  2974 | D:3      | Found a runed translucent door.
  2975 | D:3      | Noticed Crazy Yiuf
  2980 | D:3      | Killed Crazy Yiuf
  2980 | D:3      | Reached XP level 6. HP: 44/44 MP: 10/13
  3098 | D:3      | Upgraded the game from 0.26-a0-34-g9e0bf03 to
                  | 0.26-a0-37-g50178cf
  3107 | D:4      | Found a bloodstained altar of Trog.
  3390 | D:4      | Noticed a phantom
  3402 | D:4      | Killed a phantom
  3402 | D:4      | Reached skill level 5 in Dodging
  3845 | D:4      | Noticed a phantom
  3864 | D:4      | Reached XP level 7. HP: 49/50 MP: 3/15
  4032 | D:5      | Entered Level 5 of the Dungeon
  4222 | D:5      | Reached skill level 5 in Stealth
  4599 | D:5      | Reached XP level 8. HP: 57/57 MP: 11/16
  4824 | D:5      | Noticed Sigmund
  4830 | D:5      | Killed Sigmund
  4900 | D:5      | Noticed a shadow
  4901 | D:5      | Found a shadowy altar of Dithmenos.
  4902 | D:5      | Found a hazy altar of Hepliaklqana.
  5851 | D:6      | Reached XP level 9. HP: 14/65 MP: 4/18
  6157 | D:6      | Noticed Pikel
  6188 | D:6      | Killed Pikel
  6546 | D:6      | Found a staircase to the Ecumenical Temple.
  6555 | Temple   | Entered the Ecumenical Temple
  6765 | Temple   | Became a worshipper of Vehumet
  7049 | D:6      | Noticed Grinder
  7073 | D:6      | Killed Grinder
  7462 | D:7      | Noticed Dowan
  7464 | D:7      | Noticed Duvessa
  7479 | D:7      | Killed Dowan
  7479 | D:7      | Reached skill level 5 in Invocations
  7489 | D:7      | Killed Duvessa
  7726 | D:7      | Learned a level 1 spell: Corona
  7730 | D:7      | Learned a level 3 spell: Gell's Gravitas
  7735 | D:7      | Learned a level 4 spell: Petrify
  7741 | D:7      | Learned a level 5 spell: Yara's Violent Unravelling
  7781 | D:7      | Reached XP level 10. HP: 73/73 MP: 16/20
  7814 | D:7      | Found a hide-covered altar of Uskayaw.
  8010 | D:7      | Reached * piety under Vehumet
  8010 | D:7      | Offered knowledge of Shock by Vehumet.
  8065 | D:7      | Found a burning altar of Makhleb.
  8714 | D:8      | Reached skill level 5 in Fighting
  8714 | D:8      | Reached skill level 5 in Short Blades
  8714 | D:8      | Reached skill level 5 in Long Blades
  8714 | D:8      | Reached skill level 5 in Axes
  8714 | D:8      | Reached skill level 5 in Maces & Flails
  8714 | D:8      | Reached skill level 5 in Polearms
  8714 | D:8      | Reached skill level 5 in Staves
  8714 | D:8      | Reached skill level 5 in Slings
  8714 | D:8      | Reached skill level 5 in Bows
  8714 | D:8      | Reached skill level 5 in Crossbows
  8714 | D:8      | Reached skill level 5 in Throwing
  8714 | D:8      | Reached skill level 5 in Armour
  8714 | D:8      | Reached skill level 5 in Shields
  8714 | D:8      | Reached skill level 5 in Unarmed Combat
  8714 | D:8      | Reached skill level 5 in Evocations
  9144 | D:8      | Noticed a brown ugly thing
  9162 | D:8      | Killed a purple ugly thing
  9488 | D:8      | Found a blossoming altar of Fedhas.
  9754 | D:8      | Found an iron altar of Okawaru.
 10336 | D:9      | Offered knowledge of Sandblast by Vehumet.
 10513 | D:9      | Reached ** piety under Vehumet
 10649 | D:9      | Found a staircase to the Orcish Mines.
 10965 | D:9      | Reached XP level 11. HP: 81/81 MP: 17/22
 10999 | D:9      | Noticed a two-headed ogre
 11009 | D:9      | Killed a two-headed ogre
 11704 | D:10     | Entered Level 10 of the Dungeon
 11707 | D:10     | Noticed a cyclops
 11713 | D:10     | Noticed a two-headed ogre
 11726 | D:10     | Offered knowledge of Conjure Flame by Vehumet.
 11733 | D:10     | Killed a two-headed ogre
 11733 | D:10     | Reached skill level 5 in Hexes
 11733 | D:10     | Reached skill level 5 in Charms
 11733 | D:10     | Reached skill level 5 in Summonings
 11733 | D:10     | Reached skill level 5 in Necromancy
 11733 | D:10     | Reached skill level 5 in Translocations
 11733 | D:10     | Reached skill level 5 in Transmutations
 11733 | D:10     | Reached skill level 5 in Fire Magic
 11733 | D:10     | Reached skill level 5 in Ice Magic
 11733 | D:10     | Reached skill level 5 in Air Magic
 11733 | D:10     | Reached skill level 5 in Earth Magic
 11733 | D:10     | Reached skill level 5 in Poison Magic
 11736 | D:10     | Mangled by a cyclops

Illustrated notes

Levels and vault maps discovered:
D:1:      lemuel_arrival_room, layout_basic, patterned_corridor
D:2:      layout_basic, ashenzari_altar_1, first_ration, roderic_lattice_a
D:3:      layout_rooms, lemuel_crystal_altar, lemuel_zombie_altar_kikubaaqudgha,
          grunt_gozag_breadcrumbs, overflow_temple_1_default,
          uniq_crazy_yiuf_cottage, uniq_robin, uniq_jessica
D:4:      layout_rooms, bloody_trog, kennysheep_generic_room_16
D:5:      layout_rooms, riverfiend_overflow_shadow_ancestor, uniq_sigmund
D:6:      layout_loops_corners, temple_fountains, uniq_pikel, uniq_grinder
D:7:      layout_rooms, old_standard_altar, nicolae_overflow_hidden_temple,
          uniq_duvessa
D:8:      layout_loops_cross, fedhas_altar_1, kennysheep_okawaru_gauntlet
D:9:      layout_basic, david_orc_3, the_bakery, dk_noncrumbling_4
D:10:     layout_rooms, chequers_serial_rivers_micro_d,
          minmay_guarded_unrand_resistance, uniq_maggie
Temple:   jpeg_temple_island

Skill      XL: |  1  2  3  4  5  6  7  8  9 10 11 |
---------------+----------------------------------+-----
Spellcasting   | 5 6 7 8 |  8.0
Invocations    | 1 2 3 4 5 6 |  6.6
Fighting       | 1 2 3 4 5 6 |  6.1
Short Blades   | 1 2 3 4 5 6 |  6.1
Long Blades    | 1 2 3 4 5 6 |  6.1
Axes           | 1 2 3 4 5 6 |  6.1
Maces & Flails | 1 2 3 4 5 6 |  6.1
Polearms       | 1 2 3 4 5 6 |  6.1
Staves         | 1 2 3 4 5 6 |  6.1
Slings         | 1 2 3 4 5 6 |  6.1
Bows           | 1 2 3 4 5 6 |  6.1
Crossbows      | 1 2 3 4 5 6 |  6.1
Throwing       | 1 2 3 4 5 6 |  6.1
Armour         | 1 2 3 4 5 6 |  6.1
Shields        | 1 2 3 4 5 6 |  6.1
Unarmed Combat | 1 2 3 4 5 6 |  6.1
Evocations     | 1 2 3 4 5 6 |  6.1
Hexes          | 1 2 3 4 5 |  5.0
Charms         | 1 2 3 4 5 |  5.0
Summonings     | 1 2 3 4 5 |  5.0
Necromancy     | 1 2 3 4 5 |  5.0
Translocations | 1 2 3 4 5 |  5.0
Transmutations | 1 2 3 4 5 |  5.0
Fire Magic     | 1 2 3 4 5 |  5.0
Ice Magic      | 1 2 3 4 5 |  5.0
Air Magic      | 1 2 3 4 5 |  5.0
Earth Magic    | 1 2 3 4 5 |  5.0
Poison Magic   | 1 2 3 4 5 |  5.0
Dodging        | 5 6 7 |  7.7
Stealth        | 5 6 7 |  7.4
Conjurations   | 8 |  8.8

Action                   |  1- 3 |  4- 6 |  7- 9 | 10-12 || total
-------------------------+-------+-------+-------+-------++-------
Melee: Unarmed           |       |    22 |       |       ||    22
       Quarterstaff      |       |     3 |    23 |       ||    26
       Battleaxe         |       |       |    59 |   143 ||   202
       Bite              |       |       |     7 |    12 ||    19
Throw: Dart              |       |     1 |       |       ||     1
       Boomerang         |       |       |     8 |     2 ||    10
 Cast: Magic Dart        |    57 |    84 |    58 |    74 ||   273
       Searing Ray       |     1 |    17 |    45 |    22 ||    85
       Fulminant Prism   |       |     1 |       |     9 ||    10
       Petrify           |       |       |       |     3 ||     3
       Corona            |       |       |       |     1 ||     1
  Use: Scroll            |     7 |     5 |     4 |     1 ||    17
 Stab: Sleeping          |       |       |     1 |     2 ||     3
       Petrified         |       |       |       |     5 ||     5
       Petrifying        |       |       |       |     1 ||     1
  Eat: Chunk             |     2 |     7 |     9 |    10 ||    28
       Ration            |       |       |     1 |     1 ||     2
Armor: Robe              |       |     1 |       |       ||     1
       Leather armour    |       |       |    31 |    88 ||   119
Dodge: Dodged            |     3 |    23 |    75 |   225 ||   326

Table legend:
 A = Non-vault XP
 B = Vault XP
 C = Vault XP percentage of total XP
 D = Non-vault monster count
 E = Vault monster count
 F = Vault count percentage of total count
                 A         B        C        D         E       F
            +---------+---------+-------+---------+---------+-------
      Total |    9875 |    2272 |  18.7 |     223 |      35 |  13.6
            +---------+---------+-------+---------+---------+-------
        D:1 |      42 |       0 |   0.0 |      27 |       0 |   0.0
        D:2 |      73 |       0 |   0.0 |      21 |       0 |   0.0
        D:3 |     107 |     115 |  51.8 |      13 |      16 |  55.2
        D:4 |     276 |     135 |  32.8 |      19 |       3 |  13.6
        D:5 |     540 |     208 |  27.8 |      20 |       1 |   4.8
        D:6 |    1342 |     901 |  40.2 |      33 |       2 |   5.7
        D:7 |    1385 |     225 |  14.0 |      31 |       2 |   6.1
        D:8 |    1899 |       4 |   0.2 |      29 |       2 |   6.5
        D:9 |    2836 |     684 |  19.4 |      21 |       9 |  30.0
       D:10 |    1375 |       0 |   0.0 |       9 |       0 |   0.0
            +---------+---------+-------+---------+---------+-------
